 Dungeon Crawl Stone Soup version 0.30.1-1-g62c8e00024 (webtiles) character file.

Game seed: 15434042094028007641

576568 cdecastro the Spry (level 27, -16/221 HPs)
             Began as a Djinni Fire Elementalist on July 14, 2023.
             Was an Elder of Ashenzari.
             Killed by an exploding ball lightning (46 damage)
             ... on level 1 of the Realm of Zot on July 16, 2023.
             The game lasted 06:00:53 (66492 turns).

cdecastro the Spry (Djinni Fire Elementalist)      Turns: 66492, Time: 06:00:54

Health: -16/221    AC: 22    Str:  7    XL:     27
Gold:   3762       EV: 35    Int: 34    God:    Ashenzari [****..] SH: 10 Dex: 24

rFire   + + .        a - staff of fire "Pypludd" {rF+ Int+6 Dex+2}
rCold   . . .        J - +1 buckler "Thunder Perfect Mind" {AC+3, Evo, Self} (curse)
rNeg    . . .        R - +4 troll leather armour of the Wild Blue Yonder {Regen+, Fort, Self} (curse)
rPois   ∞            L - +2 helmet
rElec   .            G - +2 cloak of the Cryptic Regret {Melee, Self} (curse)
rCorr   .            c - +2 pair of gloves of the Bound Paranoia {Cun, Self} (curse)
SInv    +            (boots unavailable)
Will    +++..        O - amulet of Ashenzari's Seeker {Acrobat, Evo, Self} (curse)
Stlth   +++++        D - ring of Ashenzari's Paranoia {EV+5 Int+2, Cun, Self} (curse)
HPRegen 1.36/turn    N - ring "Weewuqoo" {Ice rPois Will+ Dex+3 Stlth-}
MPRegen 0.00/turn

%: acrobat, clarity, infuse magic (-17 HP)
@: corroded, flying, studying 3 skills
A: sickness immunity, fire resistance 2, cold vulnerability 1, float, innate
caster, HP casting, extra vitality 1
}: 3/15 runes: serpentine, barnacled, silver
a: Renounce Religion, Curse Item, Shatter the Chains


You were on level 1 of the Realm of Zot.
You worshipped Ashenzari.
Ashenzari was greatly pleased with you.
You visited 12 branches of the dungeon, and saw 48 of its levels.
You visited 1 bazaar.
You also visited: Trove, Bailey, Ice Cave, Wizlab and Desolation.

You collected 9144 gold pieces.
You spent 5382 gold pieces at shops.

Inventory:

Hand Weapons
 f - the +4 flail "Quluffot" {heavy, rF- rC+ rN+ MP+9}
   (You found it on level 14 of the Dungeon)

   rF:        It makes you vulnerable to fire.
   rC:        It protects you from cold.
   rN:        It protects you from negative energy.
   MP:        It affects your magic capacity (+9).
 u - the +11 broad axe "Ningootz" {spect, rElec rC+ Str+2 Int+2}
   (You bought it in a shop on level 1 of the Depths)

   Str:       It affects your strength (+2).
   Int:       It affects your intelligence (+2).
   rC:        It protects you from cold.
   rElec:     It insulates you from electricity.
Armour
 c - the cursed +2 pair of gloves of the Bound Paranoia (worn) {Cun, Self}
   (You found it on level 3 of the Dungeon)

   It has a curse which improves the following skills: Cunning: Dodging and
   Stealth.
   Introspection: Fighting and Spellcasting.
 G - the cursed +2 cloak of the Cryptic Regret (worn) {Melee, Self}
   (You found it on level 6 of the Dungeon)

   It has a curse which improves the following skills: Melee Combat: Short
   Blades, Long Blades, Axes, Maces & Flails, Polearms, Staves and Unarmed
   Combat.
   Introspection: Fighting and Spellcasting.
 J - the cursed +1 buckler "Thunder Perfect Mind" (worn) {AC+3, Evo, Self}
   (You bought it in a shop on level 3 of the Snake Pit)

   It has a curse which improves the following skills: Evocations: Evocations.
   Introspection: Fighting and Spellcasting.
 L - a +2 helmet (worn)
 R - the cursed +4 troll leather armour of the Wild Blue Yonder (worn) {Regen+, Fort, Self}
   (You found it on level 11 of the Dungeon)

   Regen:     It increases your rate of health regeneration.
   It has a curse which improves the following skills: Fortitude: Armour and
   Shields.
   Introspection: Fighting and Spellcasting.
 V - the +2 shield of Resistance {rF++ rC++ Will++}
   (You took it off an orc warrior on level 5 of the Vaults)

   rF:        It greatly protects you from fire.
   rC:        It greatly protects you from cold.
   Will:      It greatly increases your willpower.
Magical Staves
 a - the staff of fire "Pypludd" (weapon) {rF+ Int+6 Dex+2}
   (You found it on level 15 of the Dungeon)

   [staff of fire]

   Your inability to study Fire Magic prevents you from drawing on the full
   power of this staff in melee.
   Base accuracy: +5 Base damage: 5 Base attack delay: 1.2 This weapon's minimum
   attack delay (0.6) is reached at skill level 12.
   Int:       It affects your intelligence (+6).
   Dex:       It affects your dexterity (+2).
   rF:        It protects you from fire.
   It falls into the 'Staves' category.
   It is a one-handed weapon.
 r - the staff of fire "Veapoez" {rElec rF+ Will++ Str-2 Dex+3}
   (You took it off a deep elf demonologist on level 3 of the Elven Halls)

   [staff of fire]

   Your inability to study Fire Magic prevents you from drawing on the full
   power of this staff in melee.
   Base accuracy: +5 Base damage: 5 Base attack delay: 1.2 This weapon's minimum
   attack delay (0.6) is reached at skill level 12.
   Str:       It affects your strength (-2).
   Dex:       It affects your dexterity (+3).
   rF:        It protects you from fire.
   rElec:     It insulates you from electricity.
   Will:      It greatly increases your willpower.
   It falls into the 'Staves' category.
   It is a one-handed weapon.
 F - the staff of earth "Geggired" {rF+++}
   (You found it on level 3 of the Elven Halls)

   [staff of earth]

   Your inability to study Earth Magic prevents you from drawing on the full
   power of this staff in melee.
   Base accuracy: +5 Base damage: 5 Base attack delay: 1.2 This weapon's minimum
   attack delay (0.6) is reached at skill level 12.
   rF:        It renders you almost immune to fire.
   It falls into the 'Staves' category.
   It is a one-handed weapon.
 Q - the staff of air "Huog" {rElec Dex+3 SInv}
   (You acquired it in a wizard's laboratory)

   [staff of air]

   Your inability to study Air Magic prevents you from drawing on the full power
   of this staff in melee.
   Base accuracy: +5 Base damage: 5 Base attack delay: 1.2 This weapon's minimum
   attack delay (0.6) is reached at skill level 12.
   Dex:       It affects your dexterity (+3).
   rElec:     It insulates you from electricity.
   SInv:      It lets you see invisible.
   It falls into the 'Staves' category.
   It is a one-handed weapon.
Jewellery
 p - the ring of Neitz {Fire rPois rN++ Dex+5}
   (You took it off an imperial myrmidon in the Desolation of Salt)

   [ring of fire]

   It enhances your fire magic.
   Dex:       It affects your dexterity (+5).
   rF:        It protects you from fire.
   rC:        It makes you vulnerable to cold.
   rPois:     It protects you from poison.
   rN:        It greatly protects you from negative energy.
 D - the cursed ring of Ashenzari's Paranoia (left hand) {EV+5 Int+2, Cun, Self}
   (You found it on level 1 of the Vaults)

   [ring of evasion]

   EV:        It affects your evasion (+5).
   Int:       It affects your intelligence (+2).
   It has a curse which improves the following skills: Cunning: Dodging and
   Stealth.
   Introspection: Fighting and Spellcasting.
 K - the ring "Usmitocw" {rC+ rCorr MP+9 Slay+3 Stlth-}
   (You took it off a servant of whispers in the Desolation of Salt)

   [ring of resist corrosion]

   Slay:      It affects your accuracy & damage with ranged weapons and melee
   (+3).
   rC:        It protects you from cold.
   MP:        It affects your magic capacity (+9).
   rCorr:     It protects you from acid and corrosion.
   Stlth:     It makes you less stealthy.
 N - the ring "Weewuqoo" (right hand) {Ice rPois Will+ Dex+3 Stlth-}
   (You took it off a ragged hierophant in the Desolation of Salt)

   [ring of ice]

   It enhances your ice magic.
   Dex:       It affects your dexterity (+3).
   rF:        It makes you vulnerable to fire.
   rC:        It protects you from cold.
   rPois:     It protects you from poison.
   Will:      It increases your willpower.
   Stlth:     It makes you less stealthy.
 O - the cursed amulet of Ashenzari's Seeker (around neck) {Acrobat, Evo, Self}
   (You found it on level 4 of the Lair of Beasts)

   [amulet of the acrobat]

   It increases your evasion while moving and waiting.
   It has a curse which improves the following skills: Evocations: Evocations.
   Introspection: Fighting and Spellcasting.
Wands
 d - a wand of polymorph (35)
 o - a wand of iceblast (74)
 w - a wand of charming (71)
 P - a wand of flame (165)
 S - a wand of quicksilver (23)
 T - a wand of mindburst (26)
 X - a wand of digging (7)
Scrolls
 e - 10 scrolls of fog
 i - 16 scrolls of blinking
 j - 20 scrolls of vulnerability
 k - 6 scrolls of magic mapping
 l - 24 scrolls of teleportation
 m - 3 scrolls of torment
 y - 2 scrolls of summoning
 z - 5 scrolls of poison
 A - 12 scrolls of immolation
 B - a scroll of enchant armour
 C - 7 scrolls of fear
 H - a scroll of brand weapon
 Y - 3 scrolls of silence
Potions
 h - 14 potions of attraction
 n - 12 potions of cancellation
 q - 6 potions of lignification
 s - 8 potions of heal wounds
 t - 19 potions of might
 v - 5 potions of invisibility
 x - 9 potions of berserk rage
 E - 6 potions of resistance
 I - 13 potions of haste
 M - 9 potions of brilliance
Miscellaneous
 b - a box of beasts
 g - a lightning rod (4/4)
 U - a condenser vane
 W - a phial of floods
 Z - a phantom mirror


   Skills:
 - Level 19.8(25.3) Fighting
 - Level 18.3(20.0) Armour
 - Level 20.0(22.4) Dodging
 - Level 12.9(15.5) Stealth
 * Level 14.0(15.7) Shields
 - Level 8.1(10.0) Unarmed Combat
 - Level 19.8(25.3) Spellcasting
 - Level 17.9(20.4) Evocations


You knew the following spells:

 Your Spells              Type           Power      Damage    Failure   Level
a - Foxfire               Conj/Fire      100%       2x1d9     0%          1
b - Scorch                Fire           100%       2d9       0%          2
c - Volatile Blastmotes   Fire/Tloc      100%       2d18      0%          3
d - Inner Flame           Hex/Fire       100%       N/A       0%          3
e - Flame Wave            Conj/Fire      100%       2d21      0%          4
f - Summon Small Mammal   Summ           100%       N/A       0%          1
g - Momentum Strike       Conj/Tloc      100%       3d10      0%          2
h - Swiftness             Air            100%       N/A       0%          3
i - Summon Lightning Spi  Summ/Air       100%       N/A       0%          4
j - Sticky Flame          Conj/Fire      100%       2d11      0%          4
k - Irradiate             Conj/Tmut      60%        3d31      0%          5
l - Conjure Ball Lightni  Conj/Air       60%        3x3d22    0%          6
m - Plasma Beam           Fire/Air       72%        2x1d97    0%          6
n - Storm Form            Tmut/Air       60%        N/A       1%          7
o - Summon Horrible Thin  Summ           60%        N/A       1%          8
p - Lehudib's Crystal Sp  Conj/Erth      60%        10d14     1%          8
q - Chain Lightning       Conj/Air       60%        3d80      2%          9
r - Death's Door          Necr           60%        N/A       2%          9
Your spell library was empty.

Dungeon Overview and Level Annotations

Branches:
Dungeon (15/15)            Temple (1/1) D:4            Lair (5/5) D:10
 Shoals (4/4) Lair:2        Snake (4/4) Lair:3        Slime (0/5) Lair:4
    Orc (2/2) D:10            Elf (3/3) Orc:2        Vaults (5/5) D:14
  Crypt (3/3) Vaults:2       Tomb (1/3) Crypt:3      Depths (4/4) D:15
    Zot (1/5) Depths:4     Bailey (visited)           IceCv (visited)
 WizLab (visited)         Desolation (visited)

Altars:
Ashenzari
Cheibriados
Dithmenos
Elyvilon
Fedhas
Gozag
Hepliaklqana
Makhleb
Nemelex Xobeh
Okawaru
Qazlal
Ru
Trog
Uskayaw
Wu Jian
Xom
Yredelemnul
Zin
The Shining One
Jiyva

Shops:
D:1 *   D:2 (   D:6 *   D:12 :   D:14 (   Orc:1 !   Orc:2 *[=((   Elf:1 :==[
Shoals:1 ??*   Snake:2 *   Snake:3 *!*   Vaults:1 :!!   Vaults:4 *
Depths:1 [(

Portals:
Hell: Depths:1 Depths:2 Depths:3 Depths:4
Abyss: Depths:3 Depths:4
Pandemonium: Depths:1 Depths:2 Depths:4
Ziggurat: Depths:2


Innate Abilities, Weirdness & Mutations

You are immune to sickness and miasma.
You are immune to poison.
Your flesh is very heat resistant. (rF++)
You are vulnerable to cold. (rC-)
You float through the air rather than walking.
You learn spells naturally, not from books.
Your magical power is your life essence.
You have superior vitality. (+4 MHP)


Message History

* * * LOW HITPOINT WARNING * * *
The blast of lightning engulfs the white draconian!!!
You kill the white draconian!
The blast of lightning engulfs your ball lightning.
Your ball lightning completely resists.
The blast of lightning engulfs the yellow draconian!
The yellow draconian is heavily wounded.
The blast of lightning engulfs the green draconian monk!!
The green draconian monk is severely wounded.
The green draconian monk breathes poison at you.
The blast of poison misses you.
The black draconian knight gestures at you while chanting.
The shard of ice hits you!!
* * * LOW HITPOINT WARNING * * *
Your ball lightning explodes!
The blast of lightning engulfs the black draconian knight.
The black draconian knight completely resists.
The blast of lightning engulfs the yellow draconian!!
The yellow draconian is severely wounded.
The blast of lightning engulfs the black draconian.
The black draconian completely resists.
The blast of lightning engulfs you!!!
* * * LOW HITPOINT WARNING * * *
The blast of lightning engulfs the green draconian monk!!!
You kill the green draconian monk!
The blast of lightning engulfs your ball lightning.
Your ball lightning completely resists.
Your base Shields skill increases to level 14!
Unknown command.
Unknown command.
The black draconian knight breathes lightning at you.
The bolt of lightning misses you.
The black draconian knight hits your ball lightning with a +3 battleaxe of electrocution!!
Your ball lightning explodes!
The blast of lightning engulfs the black draconian knight.
The black draconian knight completely resists.
The blast of lightning engulfs the yellow draconian!!
The yellow draconian is almost dead.
The blast of lightning engulfs the black draconian.
The black draconian completely resists.
The blast of lightning engulfs you!!!
You die...

, * , ,* ,*
,, *
##.......#.#
,* *
#....⌠.....#
*, *
#.8.....8..#
* *
#....d.)...#
**
#..[8q8.)..#
*
##...○.☼d[.#
, *
#..8.☼○☼§8.#
*
#..§☼@☼...#
##?§☼☼§..##
##...:.##
#######


You could see a black draconian knight (fast, invisible, catching breath), a
black draconian and a yellow draconian.

Vanquished Creatures
  2 dread liches
  An ancient lich (Crypt:3)
  Mennas (Depths:4)
  Boris (Crypt:2)
  Sojobo (Depths:3)
  3 royal mummies (Depths:3)
  Xtahua (Vaults:4)
  Saint Roka (Depths:2)
  4 caustic shrikes
  The ghost of Plog the Warrior, an adept DgCj (Depths:2)
  2 golden dragons (Vaults:5)
  Jory (Depths:4)
  A bone dragon (Crypt:3)
  Jorgrun (Snake:2)
  4 tentacled monstrosities
  3 liches
  2 titans (Vaults:5)
  4 deep elf blademasters (Elf:3)
  3 deep elf master archers (Elf:3)
  A walking earthen tome (Depths:3)
  A quicksilver dragon (Vaults:5)
  11 sphinxes
  11 shadow dragons
  Polyphemus (Shoals:2)
  11 ancient champions
  Kirke (Elf:1)
  A kraken (Shoals:3)
  8 tengu reavers
  A storm dragon (Vaults:5)
  2 revenants
  2 draconian monks
  Roxanne (Snake:2)
  14 nagarajas
  2 azure jellies (IceCv)
  5 fire giants
  7 frost giants
  10 deep elf sorcerers
  3 imperial myrmidons (Desolation)
  6 deep elf elementalists
  27 vault wardens
  3 curse skulls
  2 iron dragons
  A draconian shifter (Depths:4)
  4 ghouls
  2 angels (Vaults:3)
  2 orc warlords (Vaults:4)
  A spriggan defender (Depths:2)
  A juggernaut skeleton (Crypt:3)
  2 war gargoyles (Vaults:5)
  10 ironbound thunderhulks
  11 stone giants
  13 very ugly things
  2 quicksilver oozes (IceCv)
  22 ironbound preservers
  3 demonspawn corrupters (WizLab)
  7 caustic shrike skeletons (Crypt:3)
  8 vampire knights
  10 deep elf demonologists
  A black draconian (Depths:4)
  12 deep elf annihilators (Elf:3)
  17 dire elephants
  2 purple draconians (Zot:1)
  A red draconian (Depths:4)
  2 white draconians
  A halazid warlock (Desolation)
  6 eidola
  5 spark wasps
  A crystal guardian (Vaults:4)
  Josephine (D:15)
  3 mummy priests
  The ghost of turdburglar the Martial Artist, a journeyman DsMo of Uskayaw (Lair:4)
  4 entropy weavers
  14 ettins
  6 merfolk javelineers
  16 yaktaur captains
  3 fire dragons
  8 merfolk impalers
  5 deep elf death magi
  11 ragged hierophants (Desolation)
  4 great orbs of eyes
  8 deep elf high priests
  A quicksilver dragon skeleton (Crypt:3)
  4 jiangshi
  33 vault guards
  6 servants of whispers (Desolation)
  Harold (Orc:1)
  An ice dragon (shapeshifter) (Depths:1)
  5 ice dragons
  2 spriggan zombies
  3 spriggan air magi
  2 rakshasas
  10 anacondas
  6 hydras
  13 peacekeepers
  A salamander tyrant (Snake:3)
  2 catoblepae
  4 ogre magi (Vaults:5)
  4 merfolk avatars
  8 two-headed ogres
  4 spriggan skeletons (Crypt:3)
  4 death yaks (Shoals:2)
  8 ironbound frosthearts
  10 deep troll shamans
  17 centaur warriors
  2 death knights (Crypt:1)
  4 merfolk aquamancers
  24 dancing weapons
  2 boulder beetles
  19 naga warriors
  3 vampire magi
  8 death scarabs (Tomb:1)
  7 tengu warriors
  6 deep troll earth magi
  A titan zombie (Vaults:4)
  5 shock serpents
  13 hell knights
  11 naga sharpshooters
  Nergalle (D:11)
  8 spriggan berserkers
  A shadow wraith (Vaults:1)
  29 deep elf knights
  14 sea snakes
  2 titan skeletons
  3 skysharks
  3 iron trolls
  A salamander mystic (Snake:4)
  A glowing orange brain (Vaults:1)
  46 skeletal warriors
  A deep troll (shapeshifter) (Vaults:4)
  A storm dragon skeleton (Crypt:3)
  A quicksilver dragon simulacrum (Crypt:1)
  2 spark wasp zombies (Depths:3)
  67 deep trolls
  3 spriggan druids (WizLab)
  3 flayed ghosts
  A bog body (Crypt:2)
  A kraken simulacrum (Shoals:4)
  A death drake (shapeshifter) (Vaults:5)
  23 ironbound convokers
  7 naga ritualists
  12 wizards
  A steelbarb worm (shapeshifter) (Vaults:5)
  A swamp dragon (WizLab)
  2 anaconda skeletons (Crypt:3)
  13 deep elf archers
  A tengu zombie (Vaults:4)
  36 deep elf zephyrmancers
  10 phantasmal warriors
  6 orc knights
  2 sphinx zombies
  A golden dragon skeleton (Depths:3)
  2 wolf spiders (Vaults:5)
  6 mana vipers
  3 human zombies
  A lindwurm (Vaults:2)
  45 deep elf pyromancers
  10 necromancers
  A frost giant zombie (Crypt:3)
  22 harpies
  6 fauns (Shoals:1)
  5 oklob plants
  A moth of wrath (Zot:1)
  11 salamanders
  3 orc sorcerers
  6 worldbinders (WizLab)
  41 ugly things
  18 manticores
  3 cyclopes
  12 elephants
  8 merfolk sirens
  2 fire giant zombies (Depths:3)
  21 black mambas
  10 water nymphs
  2 ice statues (IceCv)
  14 guardian serpents
  2 gargoyles
  19 vault sentinels
  20 naga magi
  A stone giant skeleton (Crypt:3)
  12 cane toads
  A titan simulacrum (Vaults:4)
  Maggie (D:7)
  A torpor snail (Lair:5)
  9 freezing wraiths
  2 centaur skeletons (Crypt:3)
  A grey draconian zombie (Crypt:1)
  4 rime drakes
  5 komodo dragons
  36 yaktaurs
  Psyche (D:11)
  An alligator snapping turtle skeleton (Crypt:3)
  2 komodo dragons (shapeshifter)
  2 ice devils (D:13)
  2 yellow draconian skeletons (Crypt:1)
  A human skeleton (Vaults:1)
  3 tengu conjurers
  11 guardian mummies
  2 harpy zombies (Crypt:1)
  A mana viper zombie (Crypt:3)
  A meliai (shapeshifter) (Elf:2)
  19 merfolk
  78 saltlings (Desolation)
  4 wind drakes
  5 trolls
  5 hornets
  8 polar bears
  A tarantella (Vaults:2)
  A wind drake (shapeshifter) (D:14)
  2 harpy skeletons
  2 sphinx simulacra (Depths:3)
  A tarantella zombie (Crypt:2)
  11 dream sheep
  7 blink frogs
  3 raiju (Lair:5)
  A snapping turtle (shapeshifter) (D:14)
  An ettin skeleton (Crypt:3)
  29 flying skulls
  38 slime creatures
  6 snapping turtles
  9 wraiths
  12 water elementals
  4 air elementals
  A shadow (D:11)
  An alligator skeleton (Crypt:2)
  A wyvern (Lair:5)
  2 ushabtiu (Tomb:1)
  10 spriggans
  26 yaks
  A wind drake zombie (Crypt:3)
  2 basilisks (Lair:3)
  3 fire elementals
  A human (shapeshifter) (Depths:4)
  A black mamba skeleton (Crypt:3)
  A steam dragon (Bailey)
  A redback (Vaults:3)
  6 vampire mosquitoes
  A wind drake skeleton (Crypt:3)
  2 wargs
  45 nagas
  3 hell hounds (Lair:5)
  An entropy weaver zombie (Crypt:1)
  A demonspawn skeleton (Crypt:1)
  15 water moccasins
  A deep troll skeleton (Crypt:2)
  An ice beast (D:6)
  2 glowing shapeshifter skeletons (Vaults:1)
  16 orc warriors
  A hornet zombie (Crypt:3)
  A sky beast (D:6)
  6 black bears
  2 manticore zombies
  A black mamba simulacrum (Crypt:1)
  2 great orb of eyes simulacra (IceCv)
  15 wolves
  12 ogres
  3 slime creature simulacra (IceCv)
  18 centaurs
  A phantom (D:7)
  2 kobold brigands
  2 necrophages
  9 bullfrogs
  A gnoll sergeant (D:7)
  2 scorpions (D:10)
  2 glowing shapeshifter simulacra (IceCv)
  2 earth elementals
  29 wights
  A vampire bat (D:3)
  3 howler monkeys
  A gnoll bouda (D:7)
  3 jellies
  10 orc priests
  Crazy Yiuf (D:2)
  5 hounds
  A sleepcap (D:4)
  2 iguanas
  18 orc wizards
  3 shapeshifter simulacra (IceCv)
  An acid dragon zombie (Crypt:2)
  An ice beast zombie (Crypt:2)
  7 mummies (Tomb:1)
  18 gnolls
  10 adders
  A howler monkey skeleton (Crypt:2)
  A shadow imp (D:7)
  2 white imps
  An ufetubus (D:5)
  2 worms
  2 dart slugs (D:2)
  63 orcs
  4 endoplasms
  4 giant cockroaches
  9 goblins
  9 hobgoblins
  4 quokkas
  7 ball pythons
  A ball python skeleton (Crypt:1)
  14 bats
  8 frilled lizards
  16 kobolds
  A kobold skeleton (Crypt:2)
  4 rats
  A river rat skeleton (Crypt:2)
2094 creatures vanquished.

Vanquished Creatures (collateral kills)
  A nagaraja (Snake:4)
  The ghost of spardeous the Earth Mage, an adept FeEE of Gozag (Elf:2)
  Aizul (Snake:2)
  A stone giant (D:15)
  A very ugly thing (WizLab)
  A demonspawn corrupter (WizLab)
  A dire elephant (Vaults:1)
  4 hydras
  An anaconda (Snake:3)
  An ogre mage (D:15)
  3 two-headed ogres
  A catoblepas (Lair:5)
  An orc high priest (Orc:2)
  A tengu warrior (D:15)
  Urug (D:11)
  A dancing weapon (Elf:2)
  2 naga sharpshooters
  2 skeletal warriors (D:14)
  2 salamander mystics
  A sea snake (Shoals:1)
  A naga ritualist (Snake:2)
  Pikel (D:6)
  A lindwurm (Lair:5)
  A mana viper (Snake:2)
  2 orc sorcerers (Orc:2)
  An iron dragon zombie (Crypt:1)
  4 ugly things
  2 salamanders (Snake:2)
  2 manticores (Lair:5)
  5 black mambas
  6 elephants
  A molten gargoyle (Desolation)
  A black mamba (shapeshifter) (D:14)
  7 cane toads
  2 komodo dragons
  A rime drake (Lair:5)
  2 freezing wraiths
  4 polar bears
  A blink frog (Lair:2)
  2 slime creatures
  A flying skull (Crypt:1)
  3 spriggans (Bailey)
  A wyvern (Lair:5)
  14 yaks
  3 basilisks
  5 vampire mosquitoes
  Grum (D:11)
  6 nagas
  4 wargs
  6 water moccasins
  11 hell hounds (Lair:5)
  6 black bears (Lair:5)
  10 orc warriors
  20 wolves
  7 ogres
  A centaur (D:10)
  A kobold brigand (D:8)
  2 bullfrogs
  A wight (D:9)
  A howler monkey (D:11)
  11 orc priests
  11 orc wizards (Orc:2)
  An iguana (D:6)
  12 orcs
  2 kobolds
  7 ball lightnings
  11 foxfires
234 creatures vanquished.

Vanquished Creatures (others)
  2 humans (Elf:1)
  187 ball lightnings
  1194 foxfires
1383 creatures vanquished.

Grand Total: 3711 creatures vanquished

Notes
Turn   | Place    | Note
-------+----------+-------------------------------------------
     0 | D:1      | cdecastro the Djinni Fire Elementalist began the quest for
                  | the Orb.
     0 | D:1      | cdecastro set off with the following spells memorised:
                  | Foxfire, Scorch, Volatile Blastmotes, Inner Flame, Flame
                  | Wave.
     0 | D:1      | Reached XP level 1. HP: 15/15 MP: 0/0
   197 | D:1      | Reached XP level 2. HP: 20/22 MP: 0/0
   261 | D:1      | Found Ciguzuh's Assorted Antiques.
   530 | D:1      | Reached skill level 1 in Fighting
   758 | D:2      | Reached XP level 3. HP: 20/27 MP: 0/0
   758 | D:2      | Learned a level 1 spell: Summon Small Mammal
   948 | D:2      | Found Fafiuhon's Weapon Shop.
  1062 | D:2      | Reached XP level 4. HP: 28/33 MP: 0/0
  1529 | D:2      | Found a runed translucent door.
  1530 | D:2      | Noticed Crazy Yiuf
  1761 | D:3      | Found an ornate altar of the Wu Jian Council.
  1900 | D:3      | Reached XP level 5. HP: 35/38 MP: 0/0
  1900 | D:3      | Learned a level 2 spell: Momentum Strike
  2470 | D:3      | Reached XP level 6. HP: 28/45 MP: 0/0
  2966 | D:4      | Reached XP level 7. HP: 37/50 MP: 0/0
  2966 | D:4      | Learned a level 3 spell: Swiftness
  3043 | D:4      | Reached skill level 5 in Spellcasting
  3252 | D:4      | Found a glowing golden altar of the Shining One.
  3654 | D:4      | Found a staircase to the Ecumenical Temple.
  3663 | Temple   | Entered the Ecumenical Temple
  3677 | Temple   | Became a worshipper of Ashenzari the Shackled
  4120 | D:5      | Entered Level 5 of the Dungeon
  4224 | D:5      | Reached XP level 8. HP: 27/58 MP: 0/0
  4548 | D:5      | Found an iron altar of Okawaru.
  4988 | D:5      | Reached skill level 5 in Fighting
  5161 | D:5      | Found a sacrificial altar of Ru.
  5776 | D:6      | Reached XP level 9. HP: 58/66 MP: 0/0
  5776 | D:6      | Learned a level 4 spell: Summon Lightning Spire
  5904 | D:6      | Found Mivori's Assorted Antiques.
  5915 | D:6      | Bought a scroll labelled ACOFYQ WUTWERI for 23 gold pieces
  5915 | D:6      | Bought a metallic pink potion for 20 gold pieces
  5915 | D:6      | Bought a puce potion for 20 gold pieces
  5915 | D:6      | Bought a scroll labelled OBRYRI HEIRRYC for 23 gold pieces
  5915 | D:6      | Bought a scroll labelled FUGGARPH UHYH for 23 gold pieces
  6239 | D:7      | Noticed Pikel
  6247 | D:6      | Killed Pikel
  6459 | D:7      | Noticed Maggie
  6461 | D:7      | Killed Maggie
  6473 | D:7      | Reached XP level 10. HP: 55/76 MP: 0/0
  7071 | D:7      | Reached * piety under Ashenzari
  7242 | D:1      | Bought 2 orange potions for 39 gold pieces
  7642 | D:8      | Found a flagged portal.
  7759 | Bailey   | Entered a bailey
  7963 | Bailey   | Noticed a two-headed ogre
  7987 | Bailey   | Killed a two-headed ogre
  7988 | Bailey   | Reached skill level 10 in Spellcasting
  8041 | Bailey   | Reached XP level 11. HP: 77/85 MP: 0/0
  8041 | Bailey   | Learned a level 4 spell: Sticky Flame
  8267 | D:8      | Noticed a two-headed ogre
  8273 | D:8      | Killed a two-headed ogre
  8274 | D:8      | Reached skill level 4 in Dodging
  8415 | D:8      | Reached ** piety under Ashenzari
  9064 | D:9      | Reached skill level 5 in Dodging
  9121 | D:9      | Identified the +5 trident "Qubluad" {holy, rF+ rC- Int+4}
  9135 | D:9      | Reached skill level 6 in Dodging
  9335 | D:9      | Noticed a two-headed ogre
  9346 | D:9      | Killed a two-headed ogre
  9497 | D:9      | Reached skill level 10 in Fighting
  9662 | D:9      | Reached *** piety under Ashenzari
  9875 | D:9      | Reached skill level 7 in Dodging
  9951 | D:10     | Entered Level 10 of the Dungeon
 10057 | D:10     | Found a staircase to the Lair.
 10145 | D:10     | Found a bloodstained altar of Trog.
 10402 | D:10     | Found a staircase to the Orcish Mines.
 10450 | D:10     | Found a sparkling altar of Nemelex Xobeh.
 10808 | D:11     | Noticed Nergalle
 10810 | D:11     | Noticed a two-headed ogre
 10851 | D:11     | Noticed Grum
 10857 | D:11     | Killed Grum
 10969 | D:11     | Reached skill level 8 in Dodging
 10983 | D:11     | Noticed Urug
 11002 | D:11     | Killed Nergalle
 11011 | D:11     | Killed Urug
 11012 | D:11     | Reached XP level 12. HP: 95/100 MP: 0/0
 11023 | D:11     | Noticed Psyche
 11032 | D:11     | Killed Psyche
 11033 | D:11     | Reached skill level 9 in Dodging
 11803 | D:12     | Reached skill level 10 in Dodging
 11911 | D:12     | Reached skill level 1 in Armour
 11994 | D:12     | Found Plog's Tremendous Tomes.
 12525 | D:13     | Noticed an eight-headed hydra
 12533 | D:13     | Killed an eight-headed hydra
 12543 | D:13     | Found a frozen archway.
 12617 | IceCv    | Entered an ice cave
 12851 | IceCv    | Noticed a quicksilver ooze
 12917 | IceCv    | Reached skill level 5 in Armour
 13897 | IceCv    | Killed a quicksilver ooze
 14236 | IceCv    | Reached XP level 13. HP: 78/108 MP: 0/0
 14236 | IceCv    | Learned a level 5 spell: Irradiate
 14239 | IceCv    | Noticed a quicksilver ooze
 14244 | IceCv    | Killed a quicksilver ooze
 14449 | IceCv    | Noticed an azure jelly
 14462 | IceCv    | Noticed an azure jelly
 14463 | IceCv    | Killed an azure jelly
 14470 | IceCv    | Killed an azure jelly
 14571 | IceCv    | Found a viscous altar of Jiyva.
 14578 | IceCv    | Identified the ring "Hoggexzice" {Ice Slay+3}
 14578 | IceCv    | Identified the ring "Ceuche" {rC+ Int+3}
 14809 | D:13     | Noticed a centaur warrior
 14816 | D:13     | Killed a centaur warrior
 14837 | D:13     | Identified the Codex of Reformation and the Sphinx
 14857 | D:13     | You are sucked into a shaft and drop 2 floors!
 14857 | D:15     | Entered Level 15 of the Dungeon
 14858 | D:15     | Noticed a centaur warrior
 14868 | D:15     | Killed a centaur warrior
 15022 | D:14     | Identified the +4 flail "Quluffot" {heavy, rF- rC+ rN+
                  | MP+9}
 15059 | D:14     | Noticed a centaur warrior
 15069 | D:14     | Found Dify's Firing Range.
 15356 | D:13     | Reached skill level 10 in Armour
 15451 | D:13     | Noticed a centaur warrior
 15458 | D:13     | Killed a centaur warrior
 15612 | D:14     | Noticed a centaur warrior
 15625 | D:14     | Killed a centaur warrior
 15810 | D:14     | Killed a centaur warrior
 15871 | D:14     | Noticed a rakshasa
 15955 | D:14     | Reached XP level 14. HP: 112/119 MP: 0/0
 16152 | D:14     | Found a gate to the Vaults.
 16303 | D:15     | Noticed Josephine
 16317 | D:15     | Killed Josephine
 16318 | D:15     | Reached skill level 5 in Stealth
 17065 | D:15     | Found a staircase to the Depths.
 17065 | D:15     | Noticed a stone giant
 17145 | D:15     | Killed a stone giant
 17266 | D:15     | Reached skill level 1 in Evocations
 17285 | D:15     | Reached **** piety under Ashenzari
 17353 | D:15     | Identified the staff of fire "Pypludd" {rF+ Int+6 Dex+2}
 18012 | D:2      | Killed Crazy Yiuf
 18331 | Orc:1    | Entered Level 1 of the Orcish Mines
 18443 | Orc:1    | Noticed Harold
 18451 | Orc:1    | Killed Harold
 18523 | Orc:1    | Found Atump's Distillery.
 18709 | Orc:2    | Entered Level 2 of the Orcish Mines
 18796 | Orc:2    | Found Ofucw's Antique Weapon Shoppe.
 18932 | Orc:2    | Found a staircase to the Elven Halls.
 19480 | Orc:2    | Reached XP level 15. HP: 104/129 MP: 0/0
 19480 | Orc:2    | Learned a level 6 spell: Conjure Ball Lightning
 19619 | Orc:2    | Found Haadariu's Weapon Boutique.
 19619 | Orc:2    | Found Juesk's Armour Shop.
 19620 | Orc:2    | Found Luhuqeuw's General Store.
 19624 | Orc:2    | Found Mytigh's Jewellery Boutique.
 19711 | Orc:2    | Bought the ring of Equilibrium {Drain rPois Will++ Dex+2}
                  | for 514 gold pieces
 20082 | Lair:1   | Entered Level 1 of the Lair of Beasts
 20364 | Lair:1   | Reached skill level 1 in Shields
 20725 | Lair:1   | Reached ***** piety under Ashenzari
 21045 | Lair:2   | Found a staircase to the Shoals.
 21510 | Lair:2   | Reached skill level 11 in Dodging
 21825 | Lair:2   | Identified the ring of Usir {rElec rPois rF+ Dex+4}
 22151 | Lair:3   | Reached skill level 12 in Dodging
 22437 | Lair:3   | Identified the ring "Qoosuyzo" {rF+ AC+4 Str+2}
 22516 | Lair:3   | Reached skill level 13 in Dodging
 22702 | Lair:3   | Found a staircase to the Snake Pit.
 23224 | Lair:4   | Found the +5 robe of Night {Dark Will+ SInv}
 23411 | Lair:4   | Identified the +4 falchion of Amortisation {heavy, rElec}
 23848 | Lair:4   | Found a transporter.
 23848 | Lair:4   | Noticed turdburglar's ghost (journeyman DsMo)
 23886 | Lair:4   | Found a staircase to the Slime Pits.
 23887 | Lair:4   | Found a viscous altar of Jiyva.
 23928 | Lair:4   | Found a transporter.
 24029 | Lair:5   | Entered Level 5 of the Lair of Beasts
 24211 | Lair:5   | Reached XP level 16. HP: 133/140 MP: 0/0
 26529 | Snake:1  | Entered Level 1 of the Snake Pit
 26680 | Snake:1  | Found a shadowy altar of Dithmenos.
 26706 | Snake:1  | Reached skill level 14 in Dodging
 27330 | Snake:2  | Noticed a nagaraja
 27333 | Snake:2  | Killed a nagaraja
 27334 | Snake:2  | Noticed Aizul
 27336 | Snake:2  | Noticed Jorgrun
 27338 | Snake:2  | Killed Aizul
 27339 | Snake:2  | Reached skill level 15 in Dodging
 27561 | Snake:2  | Killed Jorgrun
 27774 | Snake:2  | Found Ilucwil's Assorted Antiques.
 27782 | Snake:2  | Reached XP level 17. HP: 119/148 MP: 0/0
 27782 | Snake:2  | Learned a level 6 spell: Plasma Beam
 27814 | Snake:2  | Reached skill level 16 in Dodging
 28053 | Snake:2  | Identified Roxanne's Spellbook of Stones
 28053 | Snake:2  | Noticed Roxanne
 28225 | Snake:3  | Reached skill level 5 in Evocations
 28605 | Snake:3  | Found Toirphog's Assorted Antiques.
 28612 | Snake:3  | Bought a runed buckler for 180 gold pieces
 28758 | Snake:3  | Found Kigoal's Assorted Antiques.
 28763 | Snake:3  | Found Keyvvya's Distillery.
 29039 | Snake:4  | Entered Level 4 of the Snake Pit
 29326 | Snake:4  | Reached skill level 10 in Stealth
 29760 | Snake:4  | Reached skill level 15 in Fighting
 29760 | Snake:4  | Reached XP level 18. HP: 141/151 MP: 0/0
 30855 | Snake:4  | Got a serpentine rune of Zot
 30953 | Snake:3  | Bought a crystal hand axe for 296 gold pieces
 30953 | Snake:3  | Identified the +8 hand axe "Aroip" {flame, Will+} (You
                  | bought it in a shop on level 3 of the Snake Pit)
 31045 | Shoals:1 | Entered Level 1 of the Shoals
 31095 | Shoals:1 | Found Puprufos's General Store.
 31287 | Shoals:1 | Found Lil Asim's Magic Scroll Emporium.
 31295 | Shoals:1 | Bought a scroll of blinking for 135 gold pieces
 31341 | Shoals:1 | Found Zetuqel's Magic Scroll Boutique.
 32030 | Shoals:2 | Reached XP level 19. HP: 132/160 MP: 0/0
 32030 | Shoals:2 | Learned a level 7 spell: Storm Form
 32122 | Shoals:2 | Noticed Polyphemus
 32124 | Shoals:2 | Killed Polyphemus
 33303 | Shoals:3 | Reached skill level 17 in Dodging
 33729 | Shoals:4 | Entered Level 4 of the Shoals
 33949 | Shoals:3 | Identified the cursed +2 cloak of the Cryptic Regret
                  | {Melee, Self} (You found it on level 6 of the Dungeon)
 33949 | Shoals:3 | Identified the cursed +0 helmet of the Eye in the Sky
                  | {Self, Evo} (You found it on level 8 of the Dungeon)
 33949 | Shoals:3 | Identified the cursed +0 pair of gloves of Ashenzari's
                  | Dismay {Self, Melee} (You found it on level 4 of the
                  | Dungeon)
 33949 | Shoals:3 | Identified the cursed +1 buckler "Thunder Perfect Mind"
                  | {AC+3, Evo, Self} (You bought it in a shop on level 3 of
                  | the Snake Pit)
 33949 | Shoals:3 | Identified the cursed +4 troll leather armour of the Wild
                  | Blue Yonder {Regen+, Fort, Self} (You found it on level 11
                  | of the Dungeon)
 34100 | Shoals:4 | Found an opulent altar of Gozag.
 34319 | Shoals:4 | Reached skill level 18 in Dodging
 34402 | Shoals:4 | Got a barnacled rune of Zot
 34899 | Shoals:4 | Identified the +1 scale mail "Nianuiss" {-Tele rN++ rCorr}
 35707 | Lair:4   | Killed turdburglar's ghost
 35985 | Elf:1    | Entered Level 1 of the Elven Halls
 36011 | Elf:1    | Reached XP level 20. HP: 170/175 MP: 0/0
 36038 | Elf:1    | Noticed Kirke
 36040 | Elf:1    | Killed Kirke
 36180 | Elf:1    | Reached skill level 19 in Dodging
 36326 | Vaults:1 | Entered Level 1 of the Vaults
 36349 | Vaults:1 | Found a magical portal.
 36487 | Vaults:1 | Noticed a dread lich
 36524 | WizLab   | Entered Alistair's Party Mansion
 37136 | WizLab   | Identified a scroll of acquirement
 37143 | WizLab   | Acquired the staff of air "Huog" {rElec Dex+3 SInv}
 37248 | Vaults:1 | Noticed a Brimstone Fiend
 37255 | Vaults:1 | Noticed an Ice Fiend
 37256 | Vaults:1 | Killed a dread lich
 37257 | Vaults:1 | Reached skill level 20 in Dodging
 37338 | Vaults:1 | Found Isoxkeax's Distillery.
 37502 | Vaults:1 | Found Tolaigiz's Book Emporium.
 37933 | Vaults:1 | Reached XP level 21. HP: 178/184 MP: 0/0
 37933 | Vaults:1 | Learned a level 8 spell: Summon Horrible Things
 38282 | Vaults:1 | Identified the ring "Guhoeri" {EV+5 Int+2}
 38307 | Vaults:1 | Found Nuuhoim's Distillery.
 38316 | Vaults:1 | Bought 2 potions of resistance for 200 gold pieces
 39004 | Vaults:2 | Found a gateway to a bazaar.
 39013 | Bazaar   | Entered a bazaar
 39014 | Bazaar   | Found Biniamaz's Book Boutique.
 39014 | Bazaar   | Found Duil's Distillery.
 39015 | Bazaar   | Found Ukhlyggio's Magic Scroll Emporium.
 39043 | Bazaar   | Bought 2 potions of mutation for 256 gold pieces
 39046 | Bazaar   | Found Urepes's Distillery.
 39065 | Bazaar   | Bought a manual of Unarmed Combat for 800 gold pieces
 39076 | Bazaar   | Bought a potion of heal wounds for 60 gold pieces
 39076 | Bazaar   | Bought a potion of heal wounds for 60 gold pieces
 39076 | Bazaar   | Bought a potion of cancellation for 96 gold pieces
 39087 | Bazaar   | Bought a potion of berserk rage for 80 gold pieces
 39087 | Bazaar   | Bought 2 potions of brilliance for 128 gold pieces
 39087 | Bazaar   | Bought a potion of might for 64 gold pieces
 39087 | Bazaar   | Bought a potion of invisibility for 128 gold pieces
 39323 | Vaults:2 | Found a staircase to the Crypt.
 39358 | Vaults:2 | Identified the +11 arbalest of Amorality {drain, Drain rF+
                  | SInv}
 40040 | Vaults:3 | Found a white marble altar of Elyvilon.
 40040 | Vaults:3 | Found a glowing golden altar of the Shining One.
 40043 | Vaults:3 | Found a glowing silver altar of Zin.
 40059 | Vaults:3 | Found a crumbling gateway.
 40111 | Desolati | Entered the Desolation of Salt
 40333 | Desolati | Identified the +8 shadow dragon scales "Heluxuxt" {Slay+2
                  | Stlth++++}
 40357 | Desolati | Reached skill level 15 in Spellcasting
 40378 | Desolati | Identified the ring of Biecilie {rElec Str+3 Slay+4}
 40379 | Desolati | Identified the +10 morningstar "Mear" {holy, rN+}
 40379 | Desolati | Identified the ring of Neitz {Fire rPois rN++ Dex+5}
 40459 | Desolati | Identified the ring "Usmitocw" {rC+ rCorr MP+9 Slay+3
                  | Stlth-}
 40506 | Desolati | Identified the ring "Weewuqoo" {Ice rPois Will+ Dex+3
                  | Stlth-}
 40803 | Desolati | Reached XP level 22. HP: 181/193 MP: 0/0
 41090 | Desolati | Identified the Vellum of the Legion and the Cumulonimbus
 41359 | Desolati | Identified the Quarto of the Singularity
 41422 | Desolati | Identified the ring "Poanarr" {rElec Will+ Str+5 Dex+6}
 41502 | Desolati | Identified the Essays on Points
 42486 | Vaults:3 | Reached skill level 15 in Armour
 43276 | Vaults:3 | Identified the +5 shortbow "Xumai" {drain, Fly rCorr Str+4}
 43604 | Vaults:4 | Found a portal to a secret trove of treasure.
 43866 | Vaults:4 | Reached XP level 23. HP: 177/201 MP: 0/0
 43866 | Vaults:4 | Learned a level 8 spell: Lehudib's Crystal Spear
 44011 | Vaults:4 | Identified the +0 scale mail "Gunooh" {Str+2 Int+6}
 44084 | Vaults:4 | Noticed Xtahua
 44111 | Vaults:4 | Killed Xtahua
 44280 | Vaults:4 | Found Sohuzotzifi's Assorted Antiques.
 44699 | Vaults:4 | Reached skill level 10 in Evocations
 45399 | Elf:1    | Found Moehujef's Antique Armour Boutique.
 45859 | Elf:1    | Found Veefob's Book Shoppe.
 45859 | Elf:1    | Found Isiv Teq's Jewellery Shop.
 45860 | Elf:1    | Found Buphalakk's Jewellery Shop.
 45965 | Elf:1    | Identified the Grimoire of Outbursts
 46804 | Elf:2    | Identified Sif Muna's Compendium of Metal and the Curse
 46994 | Elf:2    | Found a runed translucent gate.
 46994 | Elf:2    | Found a runed translucent gate.
 47001 | Elf:2    | Found a runed translucent gate.
 47099 | Elf:2    | Paralysed by an air elemental for 1 turns
 47107 | Elf:2    | Reached XP level 24. HP: 185/208 MP: 0/0
 47372 | Elf:2    | Found a runed translucent door.
 47415 | Elf:2    | Noticed spardeous's ghost (adept FeEE)
 47426 | Elf:2    | Killed spardeous's ghost
 48390 | Depths:1 | Entered Level 1 of the Depths
 48399 | Depths:1 | Reached skill level 1 in Unarmed Combat
 48585 | Depths:1 | Reached skill level 5 in Unarmed Combat
 48835 | Depths:1 | Found a gateway to Hell.
 48887 | Depths:1 | Found a one-way gate leading to the halls of Pandemonium.
 48981 | Depths:1 | Found a shadowy altar of Dithmenos.
 49000 | Depths:1 | Found Cogehiurph's Antique Weapon Emporium.
 49008 | Depths:1 | Found Citin's Antique Armour Shoppe.
 49475 | Depths:1 | Identified the +4 spear "Enypurghi" {heavy, rC++ Will-
                  | Int+3}
 49978 | Depths:2 | Found a one-way gateway to a ziggurat.
 50110 | Depths:2 | Noticed Saint Roka
 50113 | Depths:2 | Killed Saint Roka
 50313 | Depths:2 | Found a runed translucent gate.
 50314 | Depths:2 | Found a runed translucent gate.
 50315 | Depths:2 | Found a runed translucent gate.
 50315 | Depths:2 | Identified the +5 plate armour "Recvu" {Will++}
 50317 | Depths:2 | Noticed Plog's ghost (adept DgCj)
 50330 | Depths:2 | Killed Plog's ghost
 50836 | Depths:3 | Noticed Sojobo
 50984 | Depths:3 | Killed Sojobo
 50992 | Depths:3 | Reached XP level 25. HP: 128/209 MP: 0/0
 50992 | Depths:3 | Learned a level 9 spell: Chain Lightning
 51277 | Depths:3 | Found a one-way gate to the infinite horrors of the Abyss.
 51351 | Depths:3 | Noticed a royal mummy
 51361 | Depths:3 | Killed a royal mummy
 51804 | Depths:3 | Noticed a royal mummy
 51804 | Depths:3 | Found the +7 sceptre of Torment {pain, torment}
 51813 | Depths:3 | Killed a royal mummy
 51814 | Depths:3 | Reached skill level 5 in Shields
 51915 | Depths:4 | Entered Level 4 of the Depths
 51949 | Depths:3 | Noticed a royal mummy
 51953 | Depths:3 | Killed a royal mummy
 52018 | Depths:4 | Noticed Jory
 52018 | Depths:4 | Noticed a caustic shrike
 52018 | Depths:4 | Noticed a caustic shrike
 52018 | Depths:4 | Noticed a caustic shrike
 52018 | Depths:4 | Noticed a caustic shrike
 52018 | Depths:4 | Noticed Mennas
 52456 | Elf:3    | Entered Level 3 of the Elven Halls
 52879 | Elf:3    | Paralysed by an air elemental for 1 turns
 52881 | Elf:3    | Paralysed by an air elemental for 1 turns
 52883 | Elf:3    | Paralysed by an air elemental for 1 turns
 52890 | Elf:3    | Identified the staff of fire "Veapoez" {rElec rF+ Will++
                  | Str-2 Dex+3}
 52962 | Elf:3    | Paralysed by an air elemental for 1 turns
 53307 | Elf:3    | Identified the +0 chain mail "Vegaopt" {Fly rElec rCorr}
 53500 | Elf:3    | Identified the +8 long sword "Giantslayer" {holy, rPois
                  | Will+ Str-5 Dex+6}
 53581 | Elf:3    | Identified the +5 sling "Vecomm" {flame, rElec Will+}
 53581 | Elf:3    | Identified the +4 arbalest of the Bedazzling Gods
                  | {antimagic, rElec rF- rCorr}
 53599 | Elf:3    | Identified Sif Muna's Directory of Vile Talus
 53610 | Elf:3    | Identified the staff of earth "Geggired" {rF+++}
 53657 | Elf:3    | Identified Tusoaf's Collected Works on Bruises
 53773 | Elf:3    | Identified the staff of death "Zeph" {Contam rElec rPois
                  | rN+ rCorr}
 54344 | Orc:1    | Bought a potion of heal wounds for 70 gold pieces
 54468 | D:6      | Bought a box of beasts for 920 gold pieces
 54468 | D:6      | Bought a lightning rod (4/4) for 690 gold pieces
 54611 | Vaults:1 | Bought 2 potions of heal wounds for 170 gold pieces
 54742 | Depths:1 | Bought a brightly glowing broad axe for 387 gold pieces
 54742 | Depths:1 | Identified the +11 broad axe "Ningootz" {spect, rElec rC+
                  | Str+2 Int+2} (You bought it in a shop on level 1 of the
                  | Depths)
 54953 | Crypt:1  | Entered Level 1 of the Crypt
 54985 | Crypt:1  | Reached XP level 26. HP: 167/215 MP: 0/0
 55215 | Crypt:1  | Identified the Elucidation of Enchanted Scree
 56666 | Crypt:2  | Noticed Boris
 56680 | Crypt:2  | Killed Boris
 57361 | Crypt:2  | Reached skill level 10 in Shields
 57579 | Crypt:3  | Entered Level 3 of the Crypt
 57818 | Crypt:3  | Found a staircase to the Tomb.
 58140 | Crypt:3  | Noticed an ancient lich
 58146 | Crypt:3  | Killed an ancient lich
 58716 | Crypt:3  | Identified the +4 short sword of Hubris {flame, rF- rC+
                  | Str+3}
 58876 | Crypt:3  | Identified the +7 short sword of Esiushry {freeze, Int+3}
 59095 | Crypt:3  | Reached XP level 27. HP: 223/228 MP: 0/0
 59095 | Crypt:3  | Learned a level 9 spell: Death's Door
 59204 | Crypt:3  | Identified the +1 war axe of Tenacity {pain, Str+2 Dex+3}
 59319 | Tomb:1   | Entered Level 1 of the Tomb of the Ancients
 59999 | Vaults:4 | You paid a toll of 12 potions of heal wounds to enter a
                  | treasure trove
 60000 | Trove    | Entered a treasure trove
 60000 | Trove    | Identified the +7 sling "Vaicudda" {venom, rElec SInv}
 60000 | Trove    | Identified the +5 hand axe of the Whelk {venom, Will+ SInv}
 60948 | Tomb:1   | Noticed a royal mummy
 61274 | Vaults:5 | Entered Level 5 of the Vaults
 61427 | Vaults:5 | Identified the +2 robe of Dov Fug {rC+ Dex+3}
 61462 | Vaults:5 | Identified the cursed +2 pair of gloves of the Bound
                  | Paranoia {Cun, Self} (You found it on level 3 of the
                  | Dungeon)
 61885 | Vaults:5 | Identified the +11 short sword of Jucvim {venom, Will+
                  | Dex+3}
 62208 | Vaults:5 | Identified the +8 shortbow "Canourr" {antimagic, rF++ rC-
                  | Str+2 Int-5}
 62229 | Vaults:5 | Reached skill level 15 in Evocations
 62232 | Vaults:5 | Noticed a dread lich
 62582 | Vaults:5 | Identified the Folio of the Xenotype
 62709 | Vaults:5 | Killed a dread lich
 62764 | Vaults:5 | Identified the ring "Loqedwet" {*Corrode rF++ MP+9 Str+3}
 62992 | Vaults:5 | Identified the amulet of Niuxidarr {Acrobat rElec rC- Str+3
                  | Dex+5}
 63107 | Vaults:5 | Got a silver rune of Zot
 63303 | Vaults:5 | Identified the Grimoire of Ouranomancy and Minerals
 63303 | Vaults:5 | Found the +3 pair of gauntlets of War {Slay+5}
 63345 | Vaults:5 | Identified the Essays on Terrestrial Electrocution
 63346 | Vaults:5 | Identified the +0 kite shield "Fiowku" {+Inv}
 64709 | Snake:2  | Killed Roxanne
 65120 | D:15     | Acquired a manual of Stealth
 65124 | D:15     | Acquired 637 gold pieces
 65228 | Depths:4 | Killed Jory
 65671 | Depths:4 | Killed Mennas
 65971 | Depths:4 | Found a gate to the Realm of Zot.
 66004 | Depths:4 | Identified the Grimoire of Sparks
 66485 | Zot:1    | Entered Level 1 of the Realm of Zot
 66492 | Zot:1    | Killed by an exploding ball lightning

Illustrated notes

Levels and vault maps discovered:
D:1:      minmay_arrival_five_plusses, layout_basic, serial_shops,
          nicolae_shop_hallway_plus, hangedman_decor_slide_cut
D:2:      layout_loops_ring, serial_shops, shop, serial_bayou_lake_a,
          uniq_crazy_yiuf_cottage
D:3:      layout_loops_corners, nicolae_overflow_crystal_walls, roderic_batcave
D:4:      layout_basic, tso_metal_star, minmay_temple_entry_antechambers
D:5:      nicolae_cairo_tiling, layout_basic, nicolae_ru_awakened_eye,
          kennysheep_okawaru_gauntlet
D:6:      layout_cave_pools, serial_shops, nicolae_shop_trees
D:7:      layout_basic, skrybe_limestone_x, uniq_pikel, uniq_maggie
D:8:      layout_basic, enter_bailey_3
D:9:      layout_loops_ring
D:10:     layout_roguey, trog_butcher_becter, nemelex_xobeh_ov_fountains_minmay,
          lair_entry_dummy, orc_0_dummy, kennysheep_minor_cross
D:11:     layout_loops_corners, uniq_nergalle, uniq_psyche, uniq_grum, uniq_urug
D:12:     layout_loops_cross, nicolae_shop_i_like_big_books
D:13:     layout_roguey, portal_ice_cave_demonic_guard
D:14:     layout_basic, david_vaults_2, nrook_campfire,
          nicolae_shop_firing_range
D:15:     grunt_enter_depths_snipers, layout_loops_corners,
          serial_bayou_shore_a, uniq_josephine
Temple:   nicolae_temple_x_marks_the_god
Lair:1:   layout_concentric_octagons
Lair:2:   cheibrodos_lair_river_kwai, layout_cave_pods,
          minmay_shoals_entry_centaurs
Lair:3:   minmay_lair_oklob_chamber, layout_cave_pods,
          guppyfry_snake_entry_garden, beast_lair_carwin_10, grunt_megastairs_4
Lair:4:   layout_big_grid, slime_entry_1, gammafunk_ghost_arena,
          serial_bayou_shore_b, infiniplex_staircase_pool_2
Lair:5:   hangedman_lair_in_review, layout_cave_pods,
          hangedman_lair_caniforms_friends, st_stairs_7
Shoals:1: layout_shoals, serial_shops, nicolae_shop_real_fake_doors,
          nicolae_shop_pleasant_corner_grove, shop
Shoals:2: layout_shoals, nicolae_shoals_shepherds, uniq_polyphemus
Shoals:3: layout_shoals
Shoals:4: shoals_end_grunt_ice, layout_shoals, lemuel_oklob_altar
Snake:1:  layout_concentric_octagons, basic_altar
Snake:2:  layout_grid_shapes, serial_shops, shop, uniq_roxanne, uniq_jorgrun,
          uniq_aizul
Snake:3:  layout_onion, serial_shops, nicolae_shop_just_a_little_nook,
          minmay_shop_star
Snake:4:  grunt_snake_rune_spirals, layout_onion_interference,
          serial_bayou_ford_a, nicolae_snake_coiling_death
Orc:1:    layout_caves, serial_shops, shop, uniq_harold
Orc:2:    st_orc_mages, layout_diamond_mine, serial_shops, shop
Elf:1:    elf_arrival_001, layout_loops_corners, serial_shops,
          nicolae_shop_tiny_waterfront, minmay_elf_sorcery, grunt_megastairs_3,
          minmay_shop_grove, uniq_kirke
Elf:2:    nicolae_elf_blades_splatter_lattice
          [nicolae_blade_entry_area_security], layout_loops_cross,
          ebering_ghost_reflecting_pool
Elf:3:    nooodl_elf_gasket, layout_geoelf_octagon
Vaults:1: mu_enter_wizlab_5, nicolae_vaults_arrows,
          nicolae_vaults_ring_of_whatevers, ontoclasm_vaults_ligature,
          nicolae_vaults_house_2, ontoclasm_vaults_misaligned,
          nicolae_vaults_you_can_take_it_with_you,
          nicolae_vaults_trapezoid_lopsided_4, nicolae_vaults_heist,
          hangedman_vaults_nails, nicolae_vaults_double_plus_1,
          nicolae_vaults_sesquioval_fish, vaults_mumra_hexcomb,
          nicolae_vaults_little_squares_5, nicolae_vaults_diamond_1,
          layout_vaults_maze, serial_shops, bzr_entry_safe, shop,
          nicolae_book_shop_shelving, shop
Vaults:2: nicolae_vaults_storage_closets_1, minmay_crypt_entry_simple_round,
          v_misc_10, nicolae_vaults_trapezoid_3, vaults_standard_mumra_x,
          nicolae_vaults_closet_pinwheel_3, nicolae_vaults_yaktaur_gun_rack,
          nicolae_vaults_trapezoid_1, vaults_room_semicircle,
          layout_vaults_big_room, serial_shops, bzr_in_the_mist
Vaults:3: portal_desolation_entry_holy_temple, nicolae_vaults_trapezoid_2,
          nicolae_vaults_what_the_h, st_smaller_cells, v_misc_2, v_misc_5,
          hangedman_vaults_maws, nicolae_vaults_weapon_check,
          hangedman_vaults_cutoff, nicolae_vaults_little_squares_3,
          layout_vaults_big_cross
Vaults:4: hangedman_vaults_nodes, vaults_mumra_minichess, v_misc_19,
          hangedman_vaults_stagger, vaults_room_grunt_arrival_ludios,
          nicolae_vaults_sesquioval_fish, nicolae_vaults_security_offices_4,
          nicolae_vaults_double_plus_2, nicolae_vaults_cochlea,
          nicolae_vaults_network_periphery, nicolae_vaults_two_Ls,
          grunt_vaults_hallway_short, ontoclasm_vaults_pinch,
          layout_vaults_omnibox, serial_shops, shop, enter_trove_3, uniq_xtahua
Vaults:5: serial_shops
Crypt:1:  layout_chaotic_city, minmay_misc_feat_alley, st_shrine_of_skulls,
          grunt_crypt_arrival_webbed, lemuel_upstairs_altar, grunt_megastairs_1
Crypt:2:  layout_gridlike, uniq_boris
Crypt:3:  due_elkab, layout_chaotic_city, tomb_entry_simple_bobbens,
          minmay_strange_pillars
Tomb:1
Depths:1: layout_honeycomb, grunt_metal_band, pan_entry, grunt_decor_cap,
          grunt_dithmenos_smoke, minmay_shoptagon
Depths:2: minmay_curly_fans, layout_cave_shapes, enter_ziggurat_e,
          ebering_ghost_rock_garden, minivault_11, pan_entry,
          grunt_hell_entry_dis_grunt, uniq_saint_roka
Depths:3: minmay_guarded_unrand_sceptre_of_torment, layout_cave_pools,
          hangedman_abyss_or_decor_lesser_grid, hangedman_abyss_entry_splay,
          hell_entry, infiniplex_staircase_diamond, uniq_josephina, uniq_sojobo
Depths:4: evilmike_zot_entry_diamond, layout_twisted_cross, pan_entry,
          hell_entry, minmay_misc_feat_four_crosses, abyss_entry, uniq_mennas,
          uniq_jory
Zot:1:    layout_onion_interference, grunt_ministairs_10, grunt_megastairs_5

Skill      XL: |  1  2  3  4  5  6  7  8  9 10 11 12 13 14 15 16 17 18 19 20 21 22 23 24 25 26 27 |
---------------+----------------------------------------------------------------------------------+-----
Fighting       | 1 2 3 4 5 7 9 10 11 13 14 15 16 17 19 | 19.8
Spellcasting   | 3 4 5 7 8 10 12 13 15 16 18 19 | 19.8
Dodging        | 8 10 13 15 16 18 20 | 20.0
Armour         | 6 10 11 14 17 18 | 18.3
Stealth        | 4 8 10 11 12 | 12.9
Evocations     | 3 7 10 17 | 17.9
Shields        | 3 8 11 14 | 14.0
Unarmed Combat | 8 |  8.1

Action                     |  1- 3 |  4- 6 |  7- 9 | 10-12 | 13-15 | 16-18 | 19-21 | 22-24 | 25-27 || total
---------------------------+-------+-------+-------+-------+-------+-------+-------+-------+-------++-------
  Melee: Dagger            |     4 |       |       |       |     1 |     1 |       |       |       ||     6
         Staff             |       |       |       |     4 |     1 |    18 |     3 |       |     5 ||    31
         Scimitar          |       |       |       |       |       |     3 |       |       |       ||     3
         Unarmed           |       |       |       |       |       |       |    17 |    14 |    61 ||    92
         Punch             |       |       |       |       |       |       |       |       |     5 ||     5
   Cast: Foxfire           |    47 |    65 |   140 |   121 |   257 |    66 |       |       |       ||   696
         Scorch            |    11 |    20 |    50 |   148 |   191 |   110 |     2 |       |       ||   532
         Momentum Strike   |       |     2 |     3 |       |       |       |       |       |       ||     5
         Inner Flame       |       |     1 |     4 |    28 |    46 |     9 |       |       |       ||    88
         Summon Small Mamm |       |     1 |       |     8 |     4 |       |       |       |       ||    13
         Volatile Blastmot |       |       |     1 |     3 |       |       |       |       |       ||     4
         Summon Lightning  |       |       |     2 |    32 |    83 |    63 |    17 |     2 |       ||   199
         Sticky Flame      |       |       |       |    29 |    71 |    43 |     3 |       |       ||   146
         Conjure Ball Ligh |       |       |       |       |    31 |    28 |     7 |     5 |     9 ||    80
         Irradiate         |       |       |       |       |       |     3 |     5 |     2 |     5 ||    15
         Plasma Beam       |       |       |       |       |       |   267 |   471 |   536 |   679 ||  1953
         Storm Form        |       |       |       |       |       |       |     7 |     3 |     9 ||    19
         Lehudib's Crystal |       |       |       |       |       |       |       |    54 |   113 ||   167
         Summon Horrible T |       |       |       |       |       |       |       |     3 |     6 ||     9
         Chain Lightning   |       |       |       |       |       |       |       |       |     6 ||     6
         Death's Door      |       |       |       |       |       |       |       |       |     1 ||     1
 Invoke: Curse Item        |       |       |     1 |     3 |     3 |     1 |     2 |       |     1 ||    11
         Shatter the Chain |       |       |       |       |       |     2 |     1 |     1 |     1 ||     5
Ability: Blinkbolt         |       |       |       |       |       |       |       |       |     1 ||     1
  Evoke: Phial of floods   |       |       |       |       |       |     1 |       |       |       ||     1
         Wand              |       |       |       |       |       |       |     1 |       |       ||     1
    Use: Scroll            |       |       |       |     5 |       |       |     1 |     1 |     9 ||    16
         Potion            |       |       |       |       |       |       |       |       |     1 ||     1
   Stab: Sleeping          |     1 |       |       |       |     1 |     1 |       |       |       ||     3
         Distracted        |       |       |       |       |       |     2 |       |       |       ||     2
 Armour: Robe              |     1 |     1 |     3 |    22 |     1 |       |       |       |       ||    28
         Troll leather arm |       |       |       |    16 |    90 |    68 |     9 |     7 |    28 ||   218
         Skin              |       |       |       |       |       |       |    10 |     4 |     8 ||    22
  Dodge: Dodged            |     6 |     8 |    16 |    72 |   133 |   178 |    67 |   128 |   248 ||   856
  Block: Buckler           |       |       |       |       |    10 |    59 |    14 |    24 |    57 ||   164
